 Dungeon Crawl Stone Soup version 0.19-a0-1008-g4c63d25 (webtiles) character file.

387 Implojin the Ruffian (level 6, -6/51 HPs)
             Began as a Minotaur Fighter on July 21, 2016.
             Was a Follower of Okawaru.
             Mangled by a killer bee (7 damage)
             ... on level 8 of the Dungeon.
             The game lasted 00:04:43 (685 turns).

Implojin the Ruffian (Minotaur Fighter)              Turns: 685, Time: 00:04:43

Health: -6/51      AC:  9    Str: 21    XL:     6   Next: 49%
Magic:  3/5        EV: 10    Int:  5    God:    Okawaru [*.....]
Gold:   28         SH: 10    Dex: 16    Spells: 0 memorised, 5 levels left

rFire  . . .     SeeInvis .       - Unarmed
rCold  . . .     Gourm    .     c - +0 chain mail
rNeg   . . .     Faith    .     b - +0 shield
rPois  .         Spirit   .     (helmet restricted)
rElec  .         Dismiss  .     (no cloak)
rCorr  .         Reflect  .     (no gloves)
SustAt .         Harm     .     (no boots)
MR     .....                    (no amulet)
Stlth  ..........               (no ring)
                                (no ring)

@: agile, lethally poisoned (-6 -> -8), hasted, very quick, not resistant to
hostile enchantments, extremely unstealthy
A: retaliatory headbutt, horns 2
a: Heroism, Renounce Religion


You were on level 8 of the Dungeon.
You worshipped Okawaru.
Okawaru was aware of your devotion.
You were not hungry.

You visited 1 branch of the dungeon, and saw 8 of its levels.

You collected 28 gold pieces.

Inventory:

Hand Weapons
 g - a +0 vampiric whip
Armour
 a - a +0 scale mail
 b - a +0 shield (worn)
 c - a +0 chain mail (worn)
Scrolls
 i - a scroll of remove curse
 l - a scroll of teleportation {unknown}
 m - a scroll of noise {unknown}
Potions
 e - a potion of resistance
 h - a potion of ambrosia
 k - a potion of degeneration {unknown}
Comestibles
 d - 2 bread rations
 n - 4 chunks of flesh
 o - a meat ration
 p - a slice of pizza


   Skills:
 - Level 3.6 Fighting
 - Level 3.6 Armour
 - Level 3.6 Shields
 * Level 7.7 Unarmed Combat


You had 5 spell levels left.
You didn't know any spells.

Dungeon Overview and Level Annotations

Branches:
Dungeon (8/15)             Temple (0/1) D:7
   Lair: D:8-11

Altars:
Okawaru

Shops:
D:4 *


Innate Abilities, Weirdness & Mutations

You reflexively headbutt those who attack you in melee.
You have a pair of horns on your head.


Message History

The killer bee stings you.
* * * LOW HITPOINT WARNING * * *
You are poisoned.
The killer bee poisons you! You block the killer bee's attack.
Unknown command.
You miss the killer bee. Your headbutt misses the killer bee.
The killer bee is lightly wounded.
You feel like a meek peon again.
You feel sick. The killer bee stings you.
* * * LOW HITPOINT WARNING * * *
Unknown command.
You hit the killer bee.
You headbutt the killer bee, but do no damage.
The killer bee is moderately wounded.
The killer bee stings you but does no damage.
The killer bee barely misses you.
You miss the killer bee.
The killer bee is moderately wounded.
You feel sick. The killer bee barely misses you. The killer bee stings you.
* * * LOW HITPOINT WARNING * * *
Unknown command.
Okay, then.
Okay, then.
You hit the killer bee but do no damage.
The killer bee is moderately wounded.
The killer bee stings you.
* * * LOW HITPOINT WARNING * * *
The killer bee stings you but does no damage.
Unknown command.
You hit the killer bee but do no damage.
You headbutt the killer bee.
The killer bee is heavily wounded.
You feel sick. You block the killer bee's attack. The killer bee stings you!
* * * LOW HITPOINT WARNING * * *
Unknown command.
Okay, then.
It was a potion of haste.
You feel yourself speed up. The killer bee barely misses you.
You furiously retaliate!
You headbutt the killer bee. The killer bee stings you!
You die...

## ♣..# #. ..#
.. ♣♣..# y ♣
♣..>. y♣. #.#.#
♣♣.♣ #.#.# #
♣y.# #.#.#.####
#y####.#<#<....
#yy@.......##
####'..........
##......####
#.........
###..........
#....$.......
#.##.###.....
#.. .... .....
. #.§ .### ..


You could see 4 killer bees.

Vanquished Creatures
  A black bear (D:7)
  A giant frog (D:7)
  2 killer bees (D:8)
  An orc priest (D:3)
  A giant frog skeleton (D:5)
  A worker ant (D:6)
  A gnoll (D:6)
  2 adders
  An adder zombie (D:7)
  3 worms
  4 orcs (D:3)
  2 bats
  2 giant cockroaches
  2 goblins (D:1)
  A hobgoblin (D:1)
  2 jackals (D:7)
  2 kobolds (D:3)
  A quokka zombie (D:7)
  2 rats
32 creatures vanquished.

Notes
Turn   | Place    | Note
-------+----------+-------------------------------------------
     0 | D:1      | Implojin the Minotaur Fighter began the quest for the Orb.
     0 | D:1      | Reached XP level 1. HP: 19/19 MP: 0/0
    59 | D:2      | Reached skill level 3 in Unarmed Combat
    59 | D:2      | Reached XP level 2. HP: 26/26 MP: 1/1
   185 | D:3      | Found an iron altar of Okawaru.
   202 | D:3      | Became a worshipper of Warmaster Okawaru
   208 | D:3      | Reached XP level 3. HP: 17/31 MP: 2/2
   223 | D:3      | Reached skill level 4 in Unarmed Combat
   277 | D:4      | Found Ytateduemu's General Store.
   350 | D:4      | Reached XP level 4. HP: 34/39 MP: 3/3
   393 | D:5      | Entered Level 5 of the Dungeon
   408 | D:5      | Reached skill level 5 in Unarmed Combat
   487 | D:6      | Reached XP level 5. HP: 16/45 MP: 4/4
   516 | D:7      | Reached skill level 6 in Unarmed Combat
   528 | D:7      | Found a staircase to the Ecumenical Temple.
   607 | D:7      | Noticed a black bear
   629 | D:7      | Killed a black bear
   629 | D:7      | Reached * piety under Okawaru
   629 | D:7      | Reached skill level 7 in Unarmed Combat
   629 | D:7      | Reached XP level 6. HP: 32/51 MP: 5/5
   684 | D:8      | HP: 1/51 [killer bee (7)]
   685 | D:8      | Mangled by a killer bee

Vault maps used:
D:1:      matt_arrival_debris
D:2:      uniq_sigmund
D:3:      regret_index_temple_of_mockery, okawaru_gym_becter
D:4:      serial_shops, shop, first_bread
D:5:      grunt_temple_overflow_cloverleaf, mrwooster_statue_mirror,
          dk_noncrumbling_3
D:6:      dk_yredelemnul_ordeal, uniq_pikel
D:7:      zin_scriptorium, st_stairs_12, the_bakery
D:8:      wad_woods_minihive, fiery_altar_vehumet,
          nicolae_qazlal_style_of_elements, serial_shops, kennysheep_mini_moat,
          minivault_24

Skill      XL: |  1  2  3  4  5 |
---------------+----------------+-----
Unarmed Combat | 3 4 5 7 |  7.7
Fighting       | |  3.6
Armour         | |  3.6
Shields        | |  3.6

Action                   |  1- 3 |  4- 6 || total
-------------------------+-------+-------++-------
Melee: Unarmed           |    46 |    80 ||   126
       Headbutt          |     9 |    14 ||    23
Invok: Heroism           |       |     2 ||     2
  Use: Potion            |     1 |     4 ||     5
       Scroll            |       |     3 ||     3
Armor: Scale mail        |    20 |       ||    20
       Chain mail        |     3 |    35 ||    38
Dodge: Dodged            |    12 |    31 ||    43
Block: Shield            |    20 |    38 ||    58

Table legend:
 A = Turns spent in this place as a percentage of turns spent in the entire game.
 B = Non-inter-level travel turns spent in this place as a percentage of non-inter-level travel turns spent in the entire game.
 C = Inter-level travel turns spent in this place as a percentage of turns spent in this place.
 D = Turns resting spent in this place as a percentage of non-inter-level travel turns spent in this place.
 E = Turns spent auto-exploring this place as a percentage of non-inter-level travel turns spent in this place.
 F = Non-inter-level travel turns spent in this place divided by the number of levels of this place that you've seen.
                   A       B       C       D       E      F
               +-------+-------+-------+-------+-------+----------------------
         Total | 100.0 | 100.0 |   0.0 |   0.0 |   0.0 |  89.0
       Dungeon | 100.0 | 100.0 |   0.0 |   0.0 |   0.0 |  89.0
               +-------+-------+-------+-------+-------+----------------------

Table legend:
 A = Kills in this place as a percentage of kills in entire the game.
 B = Kills by you in this place as a percentage of kills by you in the entire game.
 C = Kills by friends in this place as a percentage of kills by friends in the entire game.
 D = Other kills in this place as a percentage of other kills in the entire game.
 E = Experience gained in this place as a percentage of experience gained in the entire game.
 F = Experience gained in this place divided by the number of levels of this place that you have seen.
                   A       B       C       D       E      F
               +-------+-------+-------+-------+-------+----------------------
         Total | 100.0 | 100.0 |  -nan |  -nan | 100.0 |  69.2
       Dungeon | 100.0 | 100.0 |  -nan |  -nan | 100.0 |  69.2
               +-------+-------+-------+-------+-------+----------------------
